 Dungeon Crawl Stone Soup version 0.20-a0-1020-g7b9e4fe (console) character file.

181253 nht the Executioner (level 17, -2/149 HPs)
             Began as a Hill Orc Gladiator on Apr 18, 2017.
             Was a High Priest of Beogh.
             Killed from afar by a thorn hunter (32 damage)
             ... with a volley of thorns
             ... on level 1 of the Swamp.
             The game lasted 01:39:18 (26530 turns).

nht the Executioner (Hill Orc Gladiator)           Turns: 26530, Time: 01:39:19

Health: -2/149     AC: 29    Str: 24    XL:     17   Next: 94%
Magic:  27/27      EV: 10    Int: 12    God:    Beogh [*****.]
Gold:   1176       SH:  0    Dex: 17    Spells: 16/16 levels left

rFire    . . .     SeeInvis +   a - +1 executioner's axe (vamp)
rCold    . . .     Gourm    .   (shield currently unavailable)
rNeg     . . .     Faith    .   O - +7 chain mail "Quojynle" {Int+2 SInv}
rPois    +         Spirit   .   o - +3 crown of Dyrovepreva {rElec Int+2 SInv}
rElec    +         Reflect  .   q - +2 cloak {MR+}
rCorr    .         Harm     .   l - +1 pair of gloves
MR       ++...                  (no boots)
Stlth    ..........             N - amulet of regeneration
Regen    0.8/turn               D - +5 ring of dexterity
MPRegen  0.2/turn               g - ring of poison resistance

@: flying
A: walk on water
}: 1/15 runes: serpentine
a: Smiting, Recall Orcish Followers, Give Item to Named Follower, Renounce
Religion


You were on level 1 of the Swamp.
You worshipped Beogh.
Beogh was extremely pleased with you.
You were hungry.

You visited 5 branches of the dungeon, and saw 28 of its levels.
You visited the Abyss 1 time.
You also visited: Labyrinth and Ice Cave.

You collected 3077 gold pieces.
You spent 1901 gold pieces at shops.

Inventory:

Hand Weapons
 a - a +1 vampiric executioner's axe (weapon)
 E - the +4 flail of Demand {antimagic, rF+ Dex+5}
   (You found it on level 7 of the Dungeon)

   It reduces the magical energy of the wielder, and disrupts the spells and
   magical abilities of those hit.
   Natural abilities and divine invocations are not affected.
   It affects your dexterity (+5).
   It protects you from fire.
 G - a +3 demon trident of electrocution
 R - the +7 captain's cutlass {speed, disarm}
   (You found it in a labyrinth)

   Attacks with this weapon are significantly faster.
 Z - a +0 arbalest
Missiles
 d - 2 throwing nets (quivered)
 j - 218 bolts
Armour
 l - a +1 pair of gloves (worn)
 o - the +3 crown of Dyrovepreva (worn) {rElec Int+2 SInv}
   (You bought it in a shop on level 9 of the Dungeon)

   It affects your intelligence (+2).
   It insulates you from electricity.
   It lets you see invisible.
 q - a +2 cloak of magic resistance (worn)
 w - the +2 cloak of the Thief {+Fog Slay-2 SInv Stlth+}
   (You bought it in a shop on level 2 of the Orcish Mines)

   It affects your accuracy and damage with ranged weapons and melee attacks
   (-2).
   It lets you see invisible.
   It makes you more stealthy.
 C - the +0 ring mail of Minguk {rElec rC- rN++ rCorr}
   (You found it on level 6 of the Dungeon)

   It makes you vulnerable to cold.
   It insulates you from electricity.
   It greatly protects you from negative energy.
   It protects you from acid and corrosion.
 O - the +7 chain mail "Quojynle" (worn) {Int+2 SInv}
   (You found it on level 6 of the Lair of Beasts)

   It affects your intelligence (+2).
   It lets you see invisible.
Jewellery
 g - a ring of poison resistance (right hand)
 u - an uncursed ring of resist corrosion
 x - the amulet of Giejul {Harm *Drain +Inv rF+ MR+ Str-3}
   (You found it on level 2 of the Lair of Beasts)

   [amulet of harm]

   It increases damage dealt and taken.
   It affects your strength (-3).
   It protects you from fire.
   It affects your resistance to hostile enchantments.
   It lets you turn invisible.
   It causes draining when unequipped.
 D - a +5 ring of dexterity (left hand)
 N - an amulet of regeneration (around neck)
 U - an uncursed ring of flight
 V - the amulet "Tepsoxku" {+Blink +Rage rF+ Int+4 Dex+4}
   (You found it on level 6 of the Lair of Beasts)

   [amulet of rage]

   It affects your intelligence (+4).
   It affects your dexterity (+4).
   It protects you from fire.
   It lets you blink.
   It lets you go berserk.
Wands
 c - a wand of paralysis (7/24)
 n - a wand of clouds (4/9)
 p - a wand of paralysis (1/24)
 A - a wand of polymorph (20/24)
 I - a wand of paralysis (6/24)
 Q - a wand of flame (4/48)
 Y - a wand of random effects (0/48)
Scrolls
 e - 10 scrolls of teleportation
 k - 9 scrolls of remove curse
 r - 2 scrolls of magic mapping
 t - 2 scrolls of fog
 y - 6 scrolls of blinking
 H - 4 scrolls of enchant armour
 L - a scroll of fear
 X - 2 scrolls of identify
Potions
 m - 4 potions of heal wounds
 s - 9 potions of curing
 v - a potion of resistance
 z - 9 potions of lignification
 B - 4 potions of cancellation
 F - 4 potions of agility
 J - a potion of invisibility
 M - 8 potions of flight
 P - a potion of mutation
 S - 2 potions of haste
Miscellaneous
 i - a sack of spiders
 T - a phantom mirror
Comestibles
 b - 7 meat rations
 f - 20 bread rations
 h - 8 royal jellies
 K - a chunk of flesh


   Skills:
 - Level 13.0 Fighting
 * Level 25.2 Axes
 - Level 1.7 Throwing
 + Level 15.3 Armour
 - Level 2.4 Dodging
 - Level 13.5 Invocations
 + Level 10.5 Evocations


You had 16 spell levels left.
You didn't know any spells.

Dungeon Overview and Level Annotations

Branches:
Dungeon (15/15)            Temple (0/1) D:7            Lair (6/6) D:8
  Swamp (1/4) Lair:2        Snake (4/4) Lair:3        Slime (0/5) Lair:5
    Orc (2/2) D:11            Elf (0/3) Orc:2        Vaults (0/5) D:13
 Depths (0/5) D:15

Altars:
Cheibriados
Kikubaaqudgha
Makhleb
Nemelex Xobeh
Qazlal
Ru
Sif Muna
Xom
Yredelemnul
Beogh

Shops:
D:9 [   Orc:2 (=[*   Snake:2 }=}

Annotations:
D:11 nergalle
Snake:4 Nergalle


Message History

You hit the thorn hunter.
The thorn hunter hits you but does no damage.
The thorn hunter barely misses you.
You completely miss the thorn hunter.
The thorn hunter is heavily damaged.
The thorn hunter hits you! The thorn hunter completely misses you.
You hit the thorn hunter.
The thorn hunter is heavily damaged.
The thorn hunter hits you! x2
* * * LOW HITPOINT WARNING * * *
You barely miss the thorn hunter.
The thorn hunter is heavily damaged.
The thorn hunter hits you but does no damage.
The thorn hunter hits you!
* * * LOW HITPOINT WARNING * * *
You hit the thorn hunter but do no damage.
The thorn hunter is heavily damaged.
The thorn hunter fires a volley of thorns at you.
The volley of thorns hits you!
You die...

♣♣.≈≈.♣♣♣.....≈ .
♣.≈≈≈≈.≈≈≈≈...≈ ..
♣♣.≈≈≈.≈...≈≈≈≈ ...
♣≈.≈.≈♣..≈≈≈≈≈ ♣.≈≈
♣♣.§.♣≈≈≈≈≈≈≈≈ ..≈≈≈
♣.....≈≈≈≈≈≈≈ .≈≈≈≈.♣♣♣
♣♣.♣♣..≈≈≈≈≈≈
..≈≈≈≈.†♣♣♣♣ ♣♣♣♣♣....≈≈≈
≈≈≈≈≈≈≈†@≈≈♣♣♣≈.♣≈.♣♣♣.≈≈
.≈≈.≈≈.†f≈.......≈.♣♣≈..≈
≈..........≈..≈.♣♣♣♣.....
≈...≈♣≈♣♣♣♣♣♣.≈≈♣♣♣......
≈...... ♣♣♣♣♣≈.≈....≈
♣♣♣≈≈.≈ ♣♣♣≈≈≈..... ♣♣♣§.
♣♣.≈≈≈≈.♣♣.. ♣≈
♣.≈≈≈≈≈.♣♣≈. ♣§≈.≈≈(♣♣♣♣.


You could see a thorn hunter.

Vanquished Creatures
  2 tentacled starspawn (Abyss:3)
  3 nagarajas (Snake:4)
  A frost giant (IceCv)
  Azrael (Snake:3)
  2 dire elephants (Lair:6)
  A minotaur (Lab)
  A fire dragon (D:15)
  2 ogre magi (D:15)
  8 naga warriors
  2 centaur warriors
  3 hydras
  2 alligators (Swamp:1)
  5 anacondas
  11 two-headed ogres
  Erica (Lair:2)
  2 dancing weapons (Abyss:3)
  4 death yaks
  5 shock serpents
  9 naga sharpshooters
  A wretched star (Abyss:3)
  A soul eater (Abyss:3)
  2 skeletal warriors (D:15)
  An iron troll (D:13)
  2 unseen horrors
  2 swamp dragons (Swamp:1)
  3 naga ritualists (Snake:4)
  A phantasmal warrior (D:13)
  Pikel (D:8)
  5 mana vipers
  3 ugly things
  4 oklob plants (Lair:1)
  An orc knight (Orc:2)
  An orc sorcerer (Orc:2)
  2 manticores (D:14)
  A cyclops (D:14)
  A worldbinder (Abyss:3)
  5 elephants
  5 guardian serpents
  15 black mambas
  10 naga magi
  A salamander (Snake:3)
  2 ice statues (IceCv)
  The ghost of herpmino the Chopper, a novice FoFi (D:6)
  5 spiny frogs
  6 gargoyles
  A rime drake (Lair:4)
  2 ice devils (Lair:3)
  3 komodo dragons
  3 trolls
  A hornet (Swamp:1)
  13 polar bears
  3 large abominations (Abyss:3)
  3 blink frogs (Lair:6)
  7 slime creatures
  4 bog bodies (Swamp:1)
  4 dream sheep (Lair:6)
  11 hippogriffs
  2 spriggans
  3 shadows
  A hog (D:8)
  3 fire elementals (Snake:3)
  3 hungry ghosts
  Grum (D:8)
  A steam dragon (Lair:3)
  22 yaks
  2 neqoxecs (Abyss:3)
  3 basilisks
  6 vampire mosquitoes
  A warg (Orc:2)
  34 nagas
  A soldier ant (shapeshifter) (D:14)
  2 swamp worms
  3 hell hounds (Snake:3)
  2 porcupines
  9 water moccasins
  4 black bears
  10 orc warriors
  5 sky beasts
  2 swamp drakes (Swamp:1)
  5 ice beasts
  3 phantoms
  2 slaves (D:8)
  23 wolves
  10 ogres
  A boggart (D:12)
  3 centaurs
  8 crocodiles
  20 bullfrogs
  3 wyvern zombies
  4 scorpions
  A wyvern skeleton (D:13)
  11 killer bees
  8 wights
  A howler monkey (D:4)
  7 crimson imps
  A bullfrog zombie (D:7)
  4 centaur zombies
  9 orc priests
  2 small abominations (Abyss:3)
  2 centaur skeletons
  7 hounds
  4 jellies
  2 bullfrog skeletons
  6 iguanas
  An iron imp (Abyss:3)
  Natasha (twice) (D:2)
  9 orc wizards
  9 worker ants
  A hound zombie (D:10)
  A hound skeleton (D:7)
  2 worker ant zombies
  A howler monkey zombie (D:6)
  11 gnolls
  10 adders
  A shadow imp (D:5)
  An ooze (D:5)
  4 worms (D:3)
  2 dart slugs
  4 leopard geckos
  21 orcs
  4 giant cockroaches
  5 goblins
  6 hobgoblins
  10 jackals
  3 quokkas
  A ball python zombie (D:5)
  9 bats
  2 frilled lizards (D:2)
  6 kobolds
  A leopard gecko skeleton (D:7)
  6 rats
  5 briar patches (Swamp:1)
  4 fungi
  A lurking horror (Abyss:3)
  8 plants
  2 starspawn tentacles (Abyss:3)
622 creatures vanquished.

Vanquished Creatures (collateral kills)
  Asterion (Snake:4)
  Gastronok (Lair:3)
  Donald (Snake:4)
  4 nagarajas (Snake:4)
  Louise (D:14)
  An angel (D:14)
  3 dire elephants (Lair:6)
  A vault guard (D:13)
  Harold (D:11)
  An ice dragon (D:15)
  7 naga warriors
  5 hydras
  8 two-headed ogres
  9 anacondas
  A centaur warrior (D:13)
  5 death yaks
  An orc high priest (Orc:2)
  5 naga sharpshooters
  Urug (D:14)
  4 shock serpents
  A wretched star (D:14)
  2 skeletal warriors (D:15)
  3 salamander mystics (Snake:4)
  5 naga ritualists
  2 orc knights (Orc:2)
  A cyclops (D:15)
  A wizard (D:14)
  2 elephants
  A manticore (D:12)
  9 mana vipers
  An orc sorcerer (Orc:2)
  10 salamanders
  An ugly thing (D:12)
  20 black mambas
  6 guardian serpents (Snake:4)
  13 naga magi
  A centaur skeleton (D:14)
  A gargoyle (D:14)
  5 komodo dragons
  2 spiny frogs
  3 trolls
  3 slime creatures (D:13)
  A blink frog (Lair:6)
  A dream sheep (Lair:6)
  7 hippogriffs
  14 yaks
  2 wyverns
  A fire elemental (Snake:3)
  2 hungry ghosts
  A vampire mosquito (D:12)
  33 nagas
  2 wargs (Orc:2)
  A warg (shapeshifter) (D:14)
  2 water moccasins
  A porcupine (Lair:5)
  A hell hound (Snake:3)
  7 orc warriors
  A black bear (Lair:5)
  An ice beast (D:11)
  An ogre (shapeshifter) (D:15)
  5 ogres
  6 centaurs
  5 wolves
  4 crocodiles
  4 bullfrogs
  A gnoll sergeant (D:9)
  2 wyvern skeletons
  A scorpion (D:11)
  9 killer bees
  A centaur zombie (D:12)
  A crimson imp (D:10)
  2 orc priests
  A gnoll shaman (Orc:2)
  8 orc wizards
  A howler monkey skeleton (D:11)
  4 gnolls (Orc:2)
  An adder (D:10)
  A shadow imp (D:9)
  8 orcs
  A jackal (D:9)
  A bush (Lair:1)
  12 fungi
  7 plants
319 creatures vanquished.

Vanquished Creatures (others)
  3 orc warlords
  9 orc knights
  Nergalle (Snake:4)
  An orc high priest (Snake:4)
  3 orc sorcerers
  12 orc warriors
  A slave (D:8)
  10 orc wizards
  A wolf (Lair:1)
  14 orc priests
  28 orcs
  14 fungi
  6 plants
  4 starspawn tentacles (Abyss:3)
107 creatures vanquished.

Grand Total: 1048 creatures vanquished

Notes
Turn   | Place    | Note
-------+----------+-------------------------------------------
     0 | D:1      | nht the Hill Orc Gladiator began the quest for the Orb.
     0 | D:1      | Reached XP level 1. HP: 18/18 MP: 1/1
   239 | D:1      | Reached XP level 2. HP: 25/25 MP: 2/2
   584 | D:1      | You fall through a shaft!
   603 | D:2      | Reached skill level 5 in Axes
  1224 | D:2      | Reached XP level 3. HP: 25/30 MP: 3/3
  1302 | D:2      | Noticed Natasha
  1303 | D:2      | Found an ancient bone altar of Kikubaaqudgha.
  1310 | D:2      | Killed Natasha
  1310 | D:2      | Reached skill level 6 in Axes
  1326 | D:2      | Reached XP level 4. HP: 25/37 MP: 4/4
  1777 | D:2      | Found a burning altar of Makhleb.
  1792 | D:2      | Reached skill level 7 in Axes
  1846 | D:2      | Noticed Natasha
  1852 | D:2      | Killed Natasha
  1852 | D:2      | Reached XP level 5. HP: 25/42 MP: 5/5
  2052 | D:3      | Reached skill level 8 in Axes
  2479 | D:4      | Reached XP level 6. HP: 47/50 MP: 6/6
  2602 | D:4      | Became a worshipper of Beogh the Brigand
  2621 | D:4      | Reached skill level 9 in Axes
  2880 | D:4      | Noticed a phantom
  2891 | D:4      | Killed a phantom
  2920 | D:4      | Reached skill level 10 in Axes
  2920 | D:4      | Reached XP level 7. HP: 49/56 MP: 7/7
  3083 | D:5      | Entered Level 5 of the Dungeon
  3512 | D:5      | Reached skill level 11 in Axes
  4136 | D:6      | Found a snail-covered altar of Cheibriados.
  4222 | D:6      | Reached XP level 8. HP: 41/62 MP: 8/8
  4346 | D:6      | Reached skill level 12 in Axes
  4544 | D:6      | Noticed herpmino's ghost (novice FoFi)
  4551 | D:6      | Killed herpmino's ghost
  4551 | D:6      | Reached skill level 13 in Axes
  4557 | D:6      | Reached * piety under Beogh
  4642 | D:6      | Got a smoking ring mail
  4663 | D:6      | Identified the +0 ring mail of Minguk {rElec rC- rN++ rCorr} (You found it on level 6 of the Dungeon)
  4745 | D:6      | Found a stormy altar of Qazlal.
  4964 | D:6      | Reached skill level 1 in Armour
  5025 | D:6      | Reached skill level 1 in Invocations
  5025 | D:6      | Reached XP level 9. HP: 30/70 MP: 9/9
  5623 | D:7      | Reached skill level 14 in Axes
  5728 | D:7      | Found a sacrificial altar of Ru.
  5999 | D:7      | Got a steaming flail
  6000 | D:7      | Identified the +4 flail of Demand {antimagic, rF+ Dex+5} (You found it on level 7 of the Dungeon)
  6052 | D:7      | Reached ** piety under Beogh
  6062 | D:7      | Reached skill level 5 in Fighting
  6118 | D:7      | Found a staircase to the Ecumenical Temple.
  6509 | D:8      | Noticed Pikel
  6518 | D:8      | Killed Pikel
  6518 | D:8      | Reached skill level 15 in Axes
  6518 | D:8      | Reached skill level 5 in Invocations
  6518 | D:8      | Reached XP level 10. HP: 77/83 MP: 13/13
  6544 | D:8      | Noticed Grum
  6551 | D:8      | Killed Grum
  6561 | D:8      | Noticed a two-headed ogre
  6568 | D:8      | Killed a two-headed ogre
  6650 | D:8      | Reached skill level 5 in Armour
  7081 | D:8      | Reached skill level 16 in Axes
  7083 | D:8      | Reached *** piety under Beogh
  7126 | D:8      | Found a staircase to the Lair.
  7259 | D:8      | Noticed a two-headed ogre
  7274 | D:8      | Killed a two-headed ogre
  7339 | D:9      | Noticed a manticore
  7340 | D:9      | a manticore changed into a hippogriff
  7345 | D:9      | Reached XP level 11. HP: 88/93 MP: 16/16
  7475 | D:9      | Noticed a two-headed ogre
  7482 | D:9      | Killed a two-headed ogre
  7564 | D:9      | Found Moddac's Antique Armour Emporium.
  7600 | D:9      | Bought an embroidered cloak for 195 gold pieces
  7839 | D:9      | Found a blossoming altar of Fedhas.
  7841 | D:9      | Found a sparkling altar of Nemelex Xobeh.
  7841 | D:9      | Found a shattered altar of Ashenzari.
  7843 | D:9      | Found a shimmering altar of Xom.
  7843 | D:9      | Found a stormy altar of Qazlal.
  7843 | D:9      | Found a deep blue altar of Sif Muna.
  7958 | D:10     | Entered Level 10 of the Dungeon
  7974 | D:10     | Killed an unseen horror
  8020 | D:10     | Reached **** piety under Beogh
  8022 | D:10     | Gained Arbolt as an ally
  8214 | D:10     | Noticed a two-headed ogre
  8218 | D:10     | Killed a two-headed ogre
  8288 | D:10     | Found a sparkling altar of Nemelex Xobeh.
  8650 | D:11     | Noticed Nergalle
  8722 | Lair:1   | Entered Level 1 of the Lair of Beasts
  8782 | Lair:1   | Noticed a five-headed hydra
  8789 | Lair:1   | Killed a six-headed hydra
  8816 | Lair:1   | Found a labyrinth entrance.
  8833 | Lab      | Entered a labyrinth
  9006 | Lab      | Reached skill level 17 in Axes
  9010 | Lab      | Reached XP level 12. HP: 46/105 MP: 19/19
  9540 | Lab      | Noticed a minotaur
  9547 | Lab      | Killed a minotaur
  9550 | Lab      | Got a shimmering short sword {venom}
  9556 | Lab      | Identified the Papyrus of Glamour
  9576 | Lair:1   | Identified the +9 short sword "Rimyne" {venom, Str+2 Dex+2} (You took it off a minotaur in a labyrinth)
  9649 | Lair:1   | Reached skill level 10 in Invocations
  9892 | Lair:1   | Reached skill level 10 in Fighting
  9912 | Lair:1   | Reached ***** piety under Beogh
 10298 | Lair:2   | Reached skill level 18 in Axes
 10324 | Lair:2   | Got a heavily runed platinum amulet
 10404 | Lair:2   | Identified the amulet of Giejul {Harm *Drain +Inv rF+ MR+ Str-3} (You found it on level 2 of the Lair of Beasts)
 10504 | Lair:2   | Noticed Erica
 10511 | Lair:2   | Killed Erica
 10626 | Lair:2   | Found a staircase to the Swamp.
 10959 | Lair:3   | Found a staircase to the Snake Pit.
 10977 | Lair:3   | Noticed Gastronok
 10990 | Lair:3   | HP: 5/107 [Gastronok/the air (28)]
 10991 | Lair:3   | Killed Gastronok
 11225 | Lair:3   | Reached XP level 13. HP: 114/114 MP: 21/21
 11328 | Lair:3   | Gained Koronagh as an ally
 11402 | Lair:3   | Found a frozen archway.
 11550 | IceCv    | Entered an ice cave
 11871 | IceCv    | Reached skill level 10 in Armour
 11939 | IceCv    | Reached skill level 19 in Axes
 12078 | IceCv    | Noticed a frost giant
 12115 | IceCv    | Killed a frost giant
 13195 | Lair:4   | Gained Borgk as an ally
 13949 | Lair:5   | Gained Bogwald as an ally
 14508 | Lair:5   | Found a staircase to the Slime Pits.
 14716 | Lair:6   | Entered Level 6 of the Lair of Beasts
 14721 | Lair:6   | Reached XP level 14. HP: 120/125 MP: 23/23
 14759 | Lair:6   | Got a faintly humming chain mail
 14770 | Lair:6   | Identified the +7 chain mail "Quojynle" {Int+2 SInv} (You found it on level 6 of the Lair of Beasts)
 14817 | Lair:6   | Reached skill level 20 in Axes
 15694 | Lair:6   | Noticed a dire elephant
 15706 | Lair:6   | Killed a dire elephant
 15833 | Lair:6   | Noticed a dire elephant
 15833 | Lair:6   | Noticed a dire elephant
 15840 | Lair:6   | Killed a dire elephant
 15844 | Lair:6   | Killed a dire elephant
 15856 | Lair:6   | Got a bound steel amulet
 16011 | Lair:6   | Noticed a dire elephant
 16011 | Lair:6   | Noticed a dire elephant
 16016 | Lair:6   | Killed a dire elephant
 16021 | Lair:6   | Killed a dire elephant
 16407 | D:12     | Identified the amulet "Tepsoxku" {+Blink +Rage rF+ Int+4 Dex+4} (You found it on level 6 of the Lair of Beasts)
 16549 | D:12     | Reached skill level 1 in Evocations
 16792 | D:12     | Identified a scroll of acquirement
 16881 | D:12     | Your ally Arbolt died
 16888 | D:12     | nooooooooooooooooooooooooooooooooo
 17266 | D:13     | Reached ****** piety under Beogh
 17285 | D:13     | Found a gate to the Vaults.
 17433 | D:13     | Reached skill level 21 in Axes
 17518 | D:13     | Reached XP level 15. HP: 135/135 MP: 25/25
 17814 | D:14     | Noticed Urug
 17826 | D:14     | Killed Urug
 17827 | D:15     | Entered Level 15 of the Dungeon
 17846 | D:14     | bleh
 18223 | D:14     | Cast into level 3 of the Abyss (a wizard)
 18289 | Abyss:3  | Noticed a red draconian stormcaller
 18364 | Abyss:3  | Noticed a bone dragon
 18374 | Abyss:3  | Found a corrupted altar of Lugonu.
 18388 | Abyss:3  | Noticed a kraken
 18439 | Abyss:3  | Noticed a tentacled starspawn
 18446 | Abyss:3  | Killed a tentacled starspawn
 18459 | Abyss:3  | Noticed a tentacled starspawn
 18481 | Abyss:3  | Killed a tentacled starspawn
 18481 | Abyss:3  | Reached skill level 5 in Evocations
 18568 | Abyss:3  | Found a deep blue altar of Sif Muna.
 18589 | Abyss:3  | Noticed an angel
 18595 | D:14     | Escaped the Abyss
 18599 | D:14     | Killed an angel
 18802 | D:14     | no urug :(
 18836 | D:14     | Noticed Louise
 18847 | D:14     | Killed Louise
 19162 | D:15     | Reached skill level 22 in Axes
 19360 | D:15     | Found a staircase to the Depths.
 20202 | D:11     | Reached XP level 16. HP: 143/143 MP: 26/26
 20273 | D:11     | Found a basalt altar of Yredelemnul.
 20306 | D:11     | Found a staircase to the Orcish Mines.
 20485 | D:11     | Noticed Harold
 20502 | D:11     | Killed Harold
 20986 | Orc:1    | Entered Level 1 of the Orcish Mines
 21059 | Orc:1    | Found a roughly hewn altar of Beogh.
 21158 | Orc:1    | Found a roughly hewn altar of Beogh.
 21521 | Orc:2    | Entered Level 2 of the Orcish Mines
 22010 | Orc:2    | Found a roughly hewn altar of Beogh.
 22015 | Orc:2    | Gained Thorok as an ally
 22018 | Orc:2    | Gained Ortolf as an ally
 22022 | Orc:2    | Your ally Ortolf died
 22049 | Orc:2    | Found Bais's General Store.
 22052 | Orc:2    | Found Ubristeump's Jewellery Shop.
 22105 | Orc:2    | Found a staircase to the Elven Halls.
 22155 | Orc:2    | Bought the +2 cloak of the Thief {+Fog Slay-2 SInv Stlth+} for 361 gold pieces
 22155 | Orc:2    | Bought a scroll of teleportation for 54 gold pieces
 22155 | Orc:2    | Bought a potion of curing for 54 gold pieces
 22163 | Orc:2    | Found Toppolei's Antique Weapon Shop.
 22165 | Orc:2    | Found Neuganyi's Antique Armour Shop.
 22595 | D:9      | Bought the +3 crown of Dyrovepreva {rElec Int+2 SInv} for 1076 gold pieces
 22777 | Snake:1  | Entered Level 1 of the Snake Pit
 22892 | Snake:1  | Reached skill level 23 in Axes
 22972 | Snake:1  | You fall through a shaft!
 23560 | Snake:2  | Found Toriff's Gadget Shop.
 23561 | Snake:2  | Found Ewiz's Jewellery Shoppe.
 23562 | Snake:2  | Found Igygg's Gadget Shop.
 23570 | Snake:2  | Bought the cursed ring of Zueff {rPois Dex-2} for 161 gold pieces
 23965 | Snake:3  | Noticed Azrael
 23986 | Snake:3  | Gained Bolgrim as an ally
 23987 | Snake:3  | Killed Azrael
 23987 | Snake:3  | Gained Brandogh as an ally
 23998 | Snake:3  | Gained Arkwar as an ally
 24009 | Snake:3  | Gained Gorg as an ally
 24864 | Snake:4  | Entered Level 4 of the Snake Pit
 24864 | Snake:4  | Noticed Asterion
 24872 | Snake:4  | Killed Asterion
 24892 | Snake:4  | Your ally Bolgrim died
 24915 | Snake:4  | Noticed a nagaraja
 24925 | Snake:4  | Killed a nagaraja
 24925 | Snake:4  | Reached skill level 24 in Axes
 24925 | Snake:4  | Reached XP level 17. HP: 69/149 MP: 27/27
 25190 | Snake:4  | Noticed Donald
 25202 | Snake:4  | Killed Donald
 25453 | Snake:4  | Your ally Brandogh died
 25846 | Snake:4  | Your ally Arkwar died
 25856 | Snake:4  | Your ally Gorg died
 25858 | Snake:4  | Your ally Koronagh died
 25860 | Snake:4  | Reached skill level 15 in Armour
 25868 | Snake:4  | Reached skill level 10 in Evocations
 25869 | Snake:4  | Your ally Arbolt died
 25869 | Snake:4  | Your ally Brandogh died
 25869 | Snake:4  | Gained Argrim as an ally
 25879 | Snake:4  | Your ally Thorok died
 25892 | Snake:4  | Your ally Bogwald died
 25910 | Snake:4  | Your ally died
 25914 | Snake:4  | Your ally Argrim died
 25922 | Snake:4  | Reached skill level 25 in Axes
 26099 | Snake:4  | Got a serpentine rune of Zot
 26263 | Swamp:1  | Entered Level 1 of the Swamp
 26530 | Swamp:1  | Killed from afar by a thorn hunter

Vault maps used:
D:1:      scummos_arrival_simple_fountains, serial_forest,
          infiniplex_forest_clump_tiny, infiniplex_forest_corner_1,
          infiniplex_forest_clump_long, infiniplex_forest_pool,
          infiniplex_forest_clump_long, infiniplex_forest_clump_tiny,
          infiniplex_forest_straight_4, infiniplex_forest_straight_2,
          infiniplex_forest_corner_1
D:2:      kiku_gazebo_garden_becter, makhleb_grotto_becter, serial_curves,
          eino_curves_02, eino_curves_03, first_bread, uniq_natasha
D:4:      serial_bayou_lagoon_a
D:5:      kennysheep_dice
D:6:      kennysheep_slug_shrine, marbit_many_paths
D:7:      nicolae_overflow_crystal_walls, temple_fountains
D:8:      grunt_lair_entry_orc_guard_hut, the_bakery, uniq_grum, uniq_pikel
D:9:      doesnt_xom_only_xom, serial_shops, shop
D:10:     nemelex_diamond_rough_becter
D:11:     orc_0_dummy, basic_altar, glass_columns_a, uniq_nergalle, uniq_harold
D:13:     david_vaults_4
D:14:     uniq_urug, uniq_louise
D:15:     grunt_enter_depths_hoard
Lair:1:   lab_entry_generic, minmay_lair_oklob_chamber, serial_bayou_shore_b,
          grunt_megastairs_3
Lair:2:   swamp_mist_pool, grunt_megastairs_2, uniq_erica
Lair:3:   guppyfry_snake_entry_island, portal_ice_cave_demonic_guard,
          serial_bayou_lagoon_b, uniq_gastronok
Lair:4:   nicolae_lair_grove_arrangements
Lair:5:   slime_dummy, st_stairs_12
Lair:6:   due_jungle_book, infiniplex_staircase_pool_2
Swamp:1:  evilmike_swamp_ruin_rubble_2
Snake:2:  minmay_shop_grove
Snake:3:  serial_bayou_pond_a, st_stairs_13, uniq_azrael
Snake:4:  johnstein_snake_rune_scales, guppyfry_library_mini, uniq_asterion,
          uniq_donald
Orc:1:    basic_altar, mines1_david
Orc:2:    grunt_orc_cross, abandoned_shop
Abyss:3:  evilmike_abyss_exit_plants
Lab:      nicolae_lab_dead_adventurers, labyrinth_fake_exit,
          nicolae_lab_quarters, nicolae_lab_grate_2, labyrinth_skeletal_remains,
          nicolae_lab_diamond
IceCv:    ice_cave_small_giant

Skill      XL: |  1  2  3  4  5  6  7  8  9 10 11 12 13 14 15 16 17 |
---------------+----------------------------------------------------+-----
Axes           | 5 6 7 8 10 11 13 15 16 17 18 19 21 22 24 25 | 25.2
Fighting       | 3 5 7 9 10 11 13 | 13.0
Armour         | 1 4 6 8 9 10 11 13 14 15 | 15.3
Invocations    | 1 5 7 9 11 12 13 | 13.5
Evocations     | 3 6 9 10 | 10.5
Throwing       | |  1.7
Dodging        | |  2.4

Action                   |  1- 3 |  4- 6 |  7- 9 | 10-12 | 13-15 | 16-18 || total
-------------------------+-------+-------+-------+-------+-------+-------++-------
Melee: War axe           |    82 |   116 |   288 |   206 |       |       ||   692
       Battleaxe         |       |       |       |   234 |   460 |       ||   694
       Executioner's axe |       |       |       |       |   305 |   615 ||   920
Throw: Throwing net      |       |     1 |     2 |     5 |     3 |       ||    11
Invok: Convert to Beogh  |       |     1 |       |       |       |       ||     1
       Recall Orcish Fol |       |       |       |     3 |    20 |    23 ||    46
       Smiting           |       |       |       |     1 |     5 |     1 ||     7
       Give Item to Name |       |       |       |       |     4 |     4 ||     8
       Resurrection      |       |       |       |       |     1 |     3 ||     4
Evoke: Wand              |       |       |    24 |    53 |    64 |    29 ||   170
  Use: Scroll            |       |       |    14 |    11 |    15 |     3 ||    43
       Potion            |       |       |     4 |     9 |     6 |     7 ||    26
 Stab: Paralysed         |       |       |       |     5 |     2 |     5 ||    12
       Invisible         |       |       |       |    11 |       |       ||    11
       Distracted        |       |       |       |     1 |     4 |     7 ||    12
       Confused          |       |       |       |     3 |       |       ||     3
       Held in net/web   |       |       |       |       |     1 |       ||     1
  Eat: Chunk             |     1 |     6 |     2 |    14 |    28 |    15 ||    66
       Meat ration       |       |       |     2 |       |     1 |     1 ||     4
       Fruit             |       |       |     3 |     2 |     3 |       ||     8
Armor: Leather armour    |    28 |    28 |     9 |       |       |       ||    65
       Chain mail        |       |       |   131 |   224 |   487 |   509 ||  1351
       Skin              |       |       |       |     3 |    29 |       ||    32
Dodge: Dodged            |    64 |    63 |   109 |   136 |   277 |   315 ||   964
